 Dungeon Crawl Stone Soup version 0.31.0-10-gcf4a605ca0 (webtiles) character file.

Game seed: 3992801110910857893

125522 Xavori the Blocker (level 17, -51/181 HPs)
             Began as a Djinni Chaos Knight on Jan 25, 2024.
             Was a Plaything of Xom.
             Killed from afar by a lich (78 damage)
             ... with a bolt of cold
             ... on level 2 of the Abyss.
             The game lasted 00:46:01 (43411 turns).

Xavori the Blocker (Djinni Chaos Knight)           Turns: 43411, Time: 00:46:01

Health: -51/181    AC: 17    Str: 20    XL:     17   Next: 51%
Gold:   4040       EV: 16    Int: 22    God:    Xom [...*..] SH: 21 Dex: 19

rFire   + + .        j - +1 demon blade (chaos)
rCold   x . .        D - +2 kite shield
rNeg    . . .        K - +1 ring mail of the Wilderness {Int-3 Dex+2 Slay+5 SInv}
rPois   ∞            (helmet restricted)
rElec   .            (no cloak)
rCorr   +            I - +0 pair of gloves
SInv    +            (boots unavailable)
Will    +....        S - amulet of reflection Stlth
                     N - ring "Bufeifut" {^Drain Will- rCorr Int+8 Slay+4}
HPRegen 0.50/turn    o - +4 ring of protection
MPRegen 0.00/turn

%: reflection, infuse magic (-52 HP)
@: berserking, flying, hasted, very quick
A: sickness immunity, fire resistance 2, cold vulnerability 1, float, innate
caster, HP casting, extra vitality 1, antennae 1, iridescent scales 2, thin
skeletal structure 1, see invisible, clever 1, strong-willed 1, mutation
resistance 1, sense surroundings 1, screaming 1, strong 2, MP-powered wands
a: Renounce Religion


You were on level 2 of the Abyss.
You worshipped Xom.
You were a favourite toy of Xom.
You visited 3 branches of the dungeon, and saw 22 of its levels.
You visited the Abyss 1 time.
You also visited: Sewer, Ossuary, Bailey and Volcano.

You collected 5134 gold pieces.
You spent 1094 gold pieces at shops.

Inventory:

Hand Weapons
 j - a +1 demon blade of chaos (weapon)
 T - a +1 scimitar of flaming
Missiles
 B - 3 throwing nets (quivered)
Armour
 a - a +0 helmet of intelligence
 b - a +2 leather armour
 r - +0 steam dragon scales
 D - a +2 kite shield (worn)
 I - a +0 pair of gloves (worn)
 K - the +1 ring mail of the Wilderness (worn) {Int-3 Dex+2 Slay+5 SInv}
   (You bought it in a shop on level 2 of the Orcish Mines)

   Int-3:     It affects your intelligence (-3).
   Dex+2:     It affects your dexterity (+2).
   Slay+5:    It affects your accuracy & damage with ranged weapons and melee
   (+5).
   SInv:      It lets you see invisible.
Jewellery
 h - a +6 ring of intelligence
 l - a +6 ring of intelligence
 o - a +4 ring of protection (right hand)
 p - a ring of wizardry
 s - a ring of wizardry
 N - the ring "Bufeifut" (left hand) {^Drain Will- rCorr Int+8 Slay+4}
   (You acquired it in a bailey)

   [ring of slaying]

   Int+8:     It affects your intelligence (+8).
   Slay+4:    It affects your accuracy & damage with ranged weapons and melee
   (+4).
   Will-:     It decreases your willpower.
   rCorr:     It protects you from acid and corrosion.
   ^Drain:    It drains your maximum health when unequipped.
 S - an amulet of reflection (around neck)
 W - a ring of positive energy
Wands
 g - a wand of polymorph (2)
 C - a wand of digging (3)
 J - a wand of quicksilver (9)
 P - a wand of flame (14)
 U - a wand of paralysis (18)
Scrolls
 c - a scroll of butterflies
 i - 3 scrolls of teleportation
 k - 2 scrolls of enchant armour
 n - a scroll of vulnerability {unknown}
 q - 7 scrolls of revelation
 v - 2 scrolls of identify
 w - 3 scrolls of brand weapon
 x - 3 scrolls of poison
 y - 5 scrolls of immolation
 A - a scroll of fear
 L - a scroll of blinking
 M - a scroll of fog
 O - 2 scrolls of silence
 Y - a scroll of enchant weapon
Potions
 d - 6 potions of curing
 e - 9 potions of enlightenment
 f - 3 potions of lignification
 m - 7 potions of mutation
 t - 3 potions of haste
 u - 2 potions of resistance
 z - 2 potions of invisibility {unknown}
 E - 3 potions of cancellation
 F - 4 potions of might
 G - 5 potions of brilliance
 Q - 3 potions of attraction
Miscellaneous
 R - a box of beasts
 V - a condenser vane


   Skills:
 + Level 10.8 Fighting
 + Level 14.3 Long Blades
 * Level 9.7 Armour
 + Level 10.1 Dodging
 + Level 14.7 Shields
 * Level 8.4 Spellcasting
 * Level 8.4 Conjurations
 * Level 8.4 Hexes
 * Level 8.4 Summonings
 * Level 8.4 Necromancy
 * Level 8.4 Translocations
 * Level 8.4 Fire Magic
 * Level 8.4 Ice Magic
 * Level 8.4 Air Magic
 * Level 8.4 Earth Magic
 * Level 8.4 Alchemy
 * Level 10.0 Evocations


You knew the following spells:

 Your Spells              Type           Power      Damage    Failure   Level
a - Sandblast             Erth           92%        2d19      1%          1
b - Jinxbite              Hex            92%        N/A       1%          2
c - Call Imp              Summ           92%        N/A       1%          2
d - Sigil of Binding      Hex            46%        N/A       1%          3
e - Flame Wave            Conj/Fire      46%        2d12      5%          4
f - Silence               Hex/Air        23%        N/A       16%         5
g - Summon Cactus Giant   Summ           23%        N/A       63%         6
h - Plasma Beam           Fire/Air       23%        2x1d35    63%         6
Your spell library was empty.

Dungeon Overview and Level Annotations

Branches:
Dungeon (15/15)            Temple (0/1) D:5            Lair (5/5) D:8
  Swamp (0/4) Lair:3       Spider (0/4) Lair:2        Slime (0/5) Lair:4
    Orc (2/2) D:9             Elf (0/3) Orc:2        Vaults (0/5) D:14
  Sewer (visited)         Ossuary (visited)          Bailey (visited)
Volcano (visited)
 Depths: D:15

Altars:
Gozag
Hepliaklqana
Makhleb
Okawaru
Uskayaw
Xom
Zin
The Shining One

Shops:
D:6 [   D:9 !   Orc:2 [(?(

Annotations:
D:9 3 runed translucent doors
Orc:1 3 runed translucent doors, Rachuaq's ghost, adept GnSk


Innate Abilities, Weirdness & Mutations

You are immune to sickness and miasma.
You are immune to poison.
Your flesh is very heat resistant. (rF++)
You are vulnerable to cold. (rC-)
You float through the air rather than walking.
You learn spells naturally, not from books.
Your magical power is your life essence.
You have superior vitality. (+4 MHP)
You have a pair of small antennae on your head.
You are mostly covered in iridescent scales. (AC +4)
You have a somewhat thin skeletal structure. (Dex +2, Stealth+)
You have supernaturally acute eyesight. (SInv)
Your mind is acute. (Int +4, Str/Dex -1)
You are strong-willed. (Will+)
You are somewhat resistant to further mutation.
You passively map a small area around you.
You occasionally shout uncontrollably at your foes.
Your muscles are very strong. (Str +8, Int/Dex -2)
You expend health (3 HP) to strengthen your wands.


Message History

The thrashing horror attacks as it pursues you!
You block the thrashing horror's attack. x2
The thrashing horror attacks as it pursues you!
The thrashing horror barely misses you.
You block the thrashing horror's attack. x3
You barely miss the thrashing horror.
The thrashing horror is lightly damaged.
The thrashing horror tramples you but does no damage.
The thrashing horror tramples you.
* * * LOW HITPOINT WARNING * * *
You are shoved backwards!
You slash the thrashing horror!
The thrashing horror seems to slow down.
The thrashing horror is moderately damaged.
The thrashing horror closely misses you.
You block the thrashing horror's attack.
You hit the thrashing horror.
The thrashing horror is heavily damaged.
The thrashing horror tramples you but does no damage.
You block the thrashing horror's attack.
You slash the thrashing horror!
The thrashing horror seems to grow stronger.
The thrashing horror is severely damaged.
The thrashing horror attacks as it pursues you!
You block the thrashing horror's attack. x2
You slash the thrashing horror! You burn the thrashing horror.
You destroy the thrashing horror!
The thrashing horror tramples you but does no damage.
The thrashing horror closely misses you.
The neqoxec falters for a moment.
A red film seems to cover your vision as you go berserk!
You feel yourself moving faster!
You feel mighty!
You hear Xom's avuncular chuckle.
The neqoxec is charmed.
The lich points at you and mumbles some strange words.
The bolt of cold misses the thrashing horror.
The bolt of cold hits you!!!!
You feel a terrible chill!
Xom thinks this is hilarious!
You die...
Xom chortles!

# ## #. .. # #..
#. . .#.#. #.#. .#
. . # #..####
#.#..# ..
#.....##.#§.. #
...#.##@#...# . #
# .
.......#...§... .
. .
..#.###X.#.......#
. #.L###.....# #
#.3.3L.#...# ###
###.#x#.#.## #. #
. #...#.#.. ..
{#...#....# #.L .
.##....#X# ..#


You could see a lich (fast, invisible), a thrashing horror and a friendly
neqoxec (charmed, unaware, magic disrupted).

Vanquished Creatures
  4 tentacled starspawn (Abyss:2)
  A balrug (Abyss:2)
  2 orc warlords
  Josephine (Lair:3)
  Harold (Lair:1)
  A catoblepas (Lair:4)
  3 hydras
  A merfolk avatar (Lair:5)
  14 two-headed ogres
  4 centaur warriors
  An ogre mage (Orc:2)
  2 boulder beetles
  A satyr (Lair:4)
  7 death yaks
  2 tengu warriors (D:14)
  A shock serpent (shapeshifter) (D:13)
  A thrashing horror (Abyss:2)
  An iron troll (Bailey)
  4 skysharks
  9 skeletal warriors (D:14)
  The ghost of DeathSocks the Slicer, a novice VSGl of Okawaru (D:9)
  A wretched star (Abyss:2)
  2 spriggan druids (Lair:3)
  2 large abominations (Abyss:2)
  2 deep elf archers (Volcano)
  A sea snake (Lair:5)
  A goliath frog (D:14)
  2 orc knights (Orc:1)
  9 deep elf pyromancers
  A wolf spider (D:14)
  3 necromancers (D:14)
  2 orc sorcerers (Orc:2)
  3 harpies (D:14)
  3 manticores
  A cyclops (D:11)
  Maurice (D:8)
  2 ugly things
  3 meliai (D:14)
  2 black mambas (Lair:2)
  6 kobold blastminers
  6 gargoyles
  A torpor snail (Lair:1)
  An apocalypse crab (Abyss:2)
  14 cane toads
  An unseen horror (D:10)
  4 orange demons (Orc:1)
  4 rime drakes
  3 kobold demonologists
  9 freezing wraiths
  An ancient zyme (Abyss:2)
  7 komodo dragons
  3 harpy zombies (D:14)
  2 wind drakes (Lair:5)
  A tengu simulacrum (Abyss:2)
  3 polar bears (Lair:4)
  6 hornets
  5 trolls
  25 blink frogs
  11 dream sheep (Lair:4)
  2 snapping turtles (Lair:5)
  8 slime creatures
  2 culicivoras (Lair:2)
  5 wraiths (Lair:3)
  2 wyverns
  5 vampires
  66 yaks
  A shadow (D:13)
  5 fire elementals (Volcano)
  2 wargs
  2 basilisks
  2 redbacks (Lair:2)
  Grum (D:8)
  8 vampire mosquitoes
  7 steam dragons
  7 starcursed masses (Abyss:2)
  Menkaure (Ossuary)
  2 chaos spawn (Abyss:2)
  3 acid dragons
  4 hell hounds (Volcano)
  11 water moccasins
  A swamp drake (D:9)
  Pargi (Sewer)
  40 orc warriors
  2 ice beasts
  4 laughing skulls (Abyss:2)
  2 black bears
  A sky beast (Abyss:2)
  20 ogres
  24 wolves
  4 centaurs
  A boggart (Lair:4)
  9 kobold brigands (D:9)
  10 bullfrogs
  A gnoll sergeant (D:7)
  A brain worm (Sewer)
  2 scorpions (Orc:1)
  2 small abominations (Abyss:2)
  8 wights
  40 killer bees
  6 howler monkeys
  A jelly (Abyss:2)
  A bombardier beetle (D:7)
  4 hounds
  22 orc priests
  An iron imp (Abyss:2)
  3 iguanas
  28 orc wizards
  2 sleepcaps
  2 human simulacra (D:11)
  3 mummies (Ossuary)
  24 gnolls
  5 adders
  5 white imps
  An ufetubus (D:5)
  97 orcs
  7 endoplasms
  3 giant cockroaches
  4 gnoll zombies (Ossuary)
  14 goblins
  12 hobgoblins
  3 jackals
  4 quokkas
  13 ball pythons
  6 bats
  14 frilled lizards
  5 gnoll skeletons (Ossuary)
  2 goblin skeletons (Ossuary)
  A goblin zombie (Ossuary)
  2 hobgoblin skeletons (Ossuary)
  4 hobgoblin zombies (Ossuary)
  8 kobolds
  5 kobold skeletons (Ossuary)
  5 kobold zombies (Ossuary)
  5 orc skeletons (Ossuary)
  5 orc zombies (Ossuary)
  5 rats
  6 rat skeletons (Ossuary)
  6 rat zombies (Ossuary)
  A starspawn tentacle (Abyss:2)
880 creatures vanquished.

Vanquished Creatures (collateral kills)
  A vampire knight (D:14)
  Erica (D:9)
  3 ogre magi (Orc:2)
  A death yak (Lair:2)
  5 two-headed ogres
  A lindwurm (Lair:2)
  An orc knight (Bailey)
  2 kobold blastminers
  A cane toad (Lair:2)
  2 rime drakes
  A komodo dragon (Lair:4)
  3 blink frogs (Lair:2)
  A slime creature (D:13)
  4 yaks (Lair:2)
  A basilisk (Lair:2)
  A water moccasin (Lair:2)
  2 orc warriors (Orc:2)
  2 black bears (Lair:2)
  10 ogres
  An orc wizard (Orc:2)
  2 orcs
46 creatures vanquished.

Vanquished Creatures (others)
  A harpy (D:14)
  A manticore (Orc:1)
  A freezing wraith (D:14)
  A culicivora (shapeshifter) (Lair:3)
  An orc warrior (Bailey)
  An ogre (D:5)
  A kobold brigand (D:9)
  A scorpion (D:5)
  A wyvern zombie (Lair:5)
  3 howler monkeys
  A centaur zombie (D:11)
  An orc priest (Orc:2)
  2 gnolls
  3 orcs
  A hobgoblin (D:2)
  A lurking horror (Abyss:2)
  6 starspawn tentacles (Abyss:2)
27 creatures vanquished.

Grand Total: 953 creatures vanquished

Notes
Turn   | Place    | Note
-------+----------+-------------------------------------------
     0 | D:1      | Xavori the Djinni Chaos Knight began the quest for the Orb.
     0 | D:1      | Reached XP level 1. HP: 20/20 MP: 0/0
   150 | D:1      | XOM: potion effect (haste)
   158 | D:1      | Reached XP level 2. HP: 25/25 MP: 0/0
   187 | D:1      | XOM: butterfly on damage
   197 | D:1      | XOM: silly message
   211 | D:1      | XOM: divination: detect creatures
   213 | D:1      | XOM: silly message
   258 | D:1      | XOM: silly message
   335 | D:1      | XOM: potion effect (berserk rage)
   337 | D:1      | Reached XP level 3. HP: 30/30 MP: 0/0
   337 | D:1      | Learned a level 1 spell: Sandblast
   830 | D:1      | XOM: divination: magic mapping
  1057 | D:1      | XOM: silly message
  1122 | D:1      | XOM: silly message
  1303 | D:1      | XOM: silly message
  1505 | D:1      | XOM: divination: detect items
  2159 | D:1      | XOM: god gift: +1 demon blade of chaos
  2190 | D:2      | XOM: divine lightning
  2289 | D:2      | XOM: 3-stop teleportation journey
  2644 | D:2      | XOM: scenery: create altars
  2664 | D:2      | Reached XP level 4. HP: 35/35 MP: 0/0
  2785 | D:3      | XOM: give mutations
  2785 | D:3      | Gained mutation: You are robust. (+10% HP) [Xom's grace]
  2785 | D:3      | Gained mutation: You have supernaturally acute eyesight.
                  | (SInv) [Xom's grace]
  2785 | D:3      | Gained mutation: You have a pair of small horns on your
                  | head. [Xom's grace]
  3042 | D:3      | Found a glowing silver altar of Zin.
  3043 | D:3      | Found a glowing golden altar of the Shining One.
  3048 | D:3      | Found a hazy altar of Hepliaklqana.
  3084 | D:3      | Found a hide-covered altar of Uskayaw.
  3142 | D:3      | XOM: potion effect (haste)
  3149 | D:3      | Reached XP level 5. HP: 27/44 MP: 0/0
  3149 | D:3      | Learned a level 2 spell: Jinxbite
  3676 | D:4      | Reached skill level 1 in Spellcasting
  3676 | D:4      | Reached skill level 1 in Conjurations
  3676 | D:4      | Reached skill level 1 in Hexes
  3676 | D:4      | Reached skill level 1 in Summonings
  3676 | D:4      | Reached skill level 1 in Necromancy
  3676 | D:4      | Reached skill level 1 in Translocations
  3676 | D:4      | Reached skill level 1 in Fire Magic
  3676 | D:4      | Reached skill level 1 in Ice Magic
  3676 | D:4      | Reached skill level 1 in Air Magic
  3676 | D:4      | Reached skill level 1 in Earth Magic
  3676 | D:4      | Reached skill level 1 in Alchemy
  3814 | D:4      | Found a glowing drain.
  3821 | Sewer    | Entered a sewer
  3842 | Sewer    | Noticed a brain worm
  3851 | Sewer    | Killed a brain worm
  3852 | Sewer    | Reached XP level 6. HP: 22/51 MP: 0/0
  3978 | Sewer    | Noticed Pargi
  3991 | Sewer    | Killed Pargi
  4001 | Sewer    | XOM: give mutations
  4001 | Sewer    | Gained mutation: Your body sometimes deteriorates upon
                  | taking damage. [Xom's mischief]
  4001 | Sewer    | Gained mutation: You occasionally lose the ability to drink
                  | potions when taking damage. [Xom's mischief]
  4001 | Sewer    | Lost mutation: You have a pair of small horns on your head.
                  | [Xom's mischief]
  4001 | Sewer    | Gained mutation: You are clumsy. (Dex -2) [Xom's mischief]
  4178 | D:4      | XOM: silly message
  4802 | D:1      | XOM: give mutations
  4802 | D:1      | Gained mutation: You are dopey. (Int -2) [Xom's mischief]
  4802 | D:1      | Gained mutation: You are strong-willed. (Will+) [Xom's
                  | mischief]
  5222 | D:1      | XOM: noise
  5863 | D:1      | XOM: noise
  6775 | D:1      | XOM: noise
  7044 | D:1      | XOM: draining
  7164 | D:1      | XOM: give mutations
  7164 | D:1      | Lost mutation: You have supernaturally acute eyesight.
                  | (SInv) [Xom's mischief]
  7164 | D:1      | Gained mutation: You sometimes lose the ability to drink
                  | potions when taking damage. [Xom's mischief]
  7164 | D:1      | Lost mutation: You are dopey. (Int -2) [Xom's mischief]
  7891 | D:1      | XOM: give mutations
  7891 | D:1      | Gained mutation: You occasionally lose the ability to read
                  | scrolls when taking damage. [Xom's mischief]
  7891 | D:1      | Gained mutation: You are dopey. (Int -2) [Xom's mischief]
  8261 | D:1      | XOM is BORED!
  8261 | D:1      | XOM: noise
  8416 | D:1      | XOM: silly message
  8425 | D:1      | XOM: summons 3 hostile shadow creatures
  8451 | D:2      | XOM: give mutations
  8451 | D:2      | Gained mutation: Your health recovers twice as slowly from
                  | being drained. [Xom's mischief]
  8451 | D:2      | Lost mutation: You are clumsy. (Dex -2) [Xom's mischief]
  8451 | D:2      | Lost mutation: You are robust. (+10% HP) [Xom's mischief]
  8451 | D:2      | Lost mutation: You are strong-willed. (Will+) [Xom's
                  | mischief]
  8866 | D:1      | XOM: cloud trail
  9214 | D:1      | XOM is BORED!
  9214 | D:1      | XOM: give mutations
  9214 | D:1      | Lost mutation: You sometimes lose the ability to drink
                  | potions when taking damage. [Xom's mischief]
  9214 | D:1      | Gained mutation: You are weak. (Str -2) [Xom's mischief]
  9214 | D:1      | Gained mutation: You occasionally shout uncontrollably at
                  | your foes. [Xom's mischief]
  9925 | D:1      | XOM: silly message
 10762 | D:1      | XOM: draining
 10770 | D:1      | XOM: give mutations
 10770 | D:1      | Lost mutation: You are dopey. (Int -2) [Xom's grace]
 10770 | D:1      | Lost mutation: You are weak. (Str -2) [Xom's grace]
 10797 | D:1      | XOM: god gift: +2 scimitar of chaos
 11404 | D:1      | XOM: silly message
 11494 | D:1      | XOM: noise
 12523 | D:1      | XOM: noise
 12818 | D:1      | XOM is BORED!
 12818 | D:1      | XOM: summons 4 hostile demons
 12841 | D:2      | XOM: give mutations
 12841 | D:2      | Gained mutation: You sometimes lose the ability to read
                  | scrolls when taking damage. [Xom's mischief]
 12841 | D:2      | Gained mutation: You have very sharp teeth. [Xom's
                  | mischief]
 12841 | D:2      | Lost mutation: Your health recovers twice as slowly from
                  | being drained. [Xom's mischief]
 12841 | D:2      | Gained mutation: You passively dampen the noise of your
                  | surroundings. [Xom's mischief]
 12964 | D:2      | XOM: god gift: scroll labelled TOH HAROJALL {god gift}
 13357 | D:1      | XOM: silly message
 13380 | D:1      | XOM: scenery: summon butterflies
 14156 | D:1      | XOM: give mutations
 14156 | D:1      | Gained mutation: You have a pair of small horns on your
                  | head. [Xom's grace]
 14156 | D:1      | Gained mutation: You have supernaturally acute eyesight.
                  | (SInv) [Xom's grace]
 14156 | D:1      | Gained mutation: Your muscles are strong. (Str +4, Int/Dex
                  | -1) [Xom's grace]
 14613 | D:1      | XOM: god gift: green potion {god gift}
 14958 | D:1      | XOM: scenery: summon butterflies
 15236 | D:1      | XOM: cloud trail
 15599 | D:1      | XOM: give mutations
 15599 | D:1      | Gained mutation: You are robust. (+10% HP) [Xom's grace]
 15599 | D:1      | Gained mutation: You are somewhat resistant to further
                  | mutation. [Xom's grace]
 15599 | D:1      | Gained mutation: You expend health (3 HP) to strengthen
                  | your wands. [Xom's grace]
 15599 | D:1      | Gained mutation: You are very robust. (+20% HP) [Xom's
                  | grace]
 15779 | D:5      | Entered Level 5 of the Dungeon
 15781 | D:5      | Found a shimmering altar of Xom.
 15781 | D:5      | Noticed an ogre
 15784 | D:5      | Reached XP level 7. HP: 46/47 MP: 0/0
 15784 | D:5      | Learned a level 2 spell: Call Imp
 15800 | D:5      | XOM: divine lightning
 15801 | D:5      | Reached skill level 5 in Long Blades
 15814 | D:5      | Found a sand-covered staircase.
 15881 | Ossuary  | XOM: noise
 15881 | Ossuary  | Entered an ossuary
 16224 | Ossuary  | Noticed Menkaure
 16226 | Ossuary  | XOM: scenery: 2 doors close
 16238 | Ossuary  | XOM: scenery: summon butterflies
 16356 | Ossuary  | XOM: god gift: 818 gold pieces
 16365 | Ossuary  | XOM: god gift: 22 gold pieces
 16393 | Ossuary  | Killed Menkaure
 16395 | Ossuary  | XOM: give mutations
 16395 | Ossuary  | Lost mutation: You sometimes lose the ability to read
                  | scrolls when taking damage. [Xom's mischief]
 16395 | Ossuary  | Lost mutation: You occasionally lose the ability to drink
                  | potions when taking damage. [Xom's mischief]
 16715 | D:5      | Reached XP level 8. HP: 57/69 MP: 0/0
 16746 | D:5      | XOM: 1-stop teleportation journey
 16795 | D:5      | XOM: summons friendly white imp
 16869 | D:5      | Reached skill level 1 in Shields
 16922 | D:5      | Found a staircase to the Ecumenical Temple.
 16922 | D:5      | XOM: 2-stop teleportation journey
 17293 | D:6      | XOM: cast spell 'Fugue of the Fallen'
 17315 | D:6      | XOM: give mutation
 17315 | D:6      | Lost mutation: You have very sharp teeth. [Xom's mischief]
 17396 | D:6      | Found Goceob's Armour Emporium.
 17402 | D:6      | Bought a +0 pair of gloves for 45 gold pieces
 17440 | D:6      | Found a burning altar of Makhleb.
 17550 | D:6      | XOM: stat loss: -1 Str (14/15)
 17604 | D:7      | Noticed a hornet
 17614 | D:7      | Killed a hornet
 17615 | D:7      | Reached XP level 9. HP: 54/76 MP: 0/0
 17615 | D:7      | Learned a level 3 spell: Sigil of Binding
 17669 | D:7      | Reached skill level 5 in Fighting
 17777 | D:7      | XOM: noise
 17783 | D:7      | XOM: summons friendly iron imp
 17873 | D:7      | Found a flagged portal.
 17920 | D:7      | XOM: silly message
 17922 | Bailey   | Entered a bailey
 17978 | Bailey   | XOM: give mutation
 17978 | Bailey   | Lost mutation: You are very robust. (+20% HP) [Xom's
                  | mischief]
 18004 | Bailey   | XOM: chaos cloud
 18144 | Bailey   | XOM: summons 2 friendly demons
 18146 | Bailey   | XOM: confusion (+ monsters)
 18157 | Bailey   | Reached XP level 10. HP: 62/78 MP: 0/0
 18159 | Bailey   | XOM: summons 1 hostile demon
 18216 | Bailey   | Noticed an orc knight
 18216 | Bailey   | Noticed an orc warlord
 18216 | Bailey   | XOM: 5-stop teleportation journey
 18222 | Bailey   | Reached skill level 5 in Shields
 18280 | Bailey   | HP: 3/79 [orc warlord/+4 broad axe (27)]
 18295 | Bailey   | an orc warlord changed into an iron troll
 18295 | Bailey   | Noticed an iron troll
 18295 | Bailey   | XOM: polymorph orc warlord -> iron troll
 18297 | Bailey   | Killed an iron troll
 18298 | Bailey   | Reached skill level 5 in Dodging
 18476 | Bailey   | XOM: give mutations
 18476 | Bailey   | Lost mutation: You occasionally lose the ability to read
                  | scrolls when taking damage. [Xom's mischief]
 18476 | Bailey   | Lost mutation: Your muscles are strong. (Str +4, Int/Dex
                  | -1) [Xom's mischief]
 18476 | Bailey   | Lost mutation: You have supernaturally acute eyesight.
                  | (SInv) [Xom's mischief]
 18516 | Bailey   | Killed an orc knight
 18539 | Bailey   | Acquired the ring "Bufeifut" {^Drain Will- rCorr Int+8
                  | Slay+4}
 18579 | Bailey   | Reached skill level 1 in Evocations
 18744 | D:7      | XOM: summons 6 hostile demons
 19200 | D:8      | Noticed Grum
 19210 | D:8      | XOM: noise
 19222 | D:8      | Killed Grum
 19434 | D:8      | XOM: silly message
 19435 | D:8      | XOM: confusion (+ monsters)
 19436 | D:8      | XOM: 1-stop teleportation journey
 19445 | D:8      | Noticed Maurice
 19450 | D:8      | Maurice stole a +5 long sword
 19453 | D:8      | Killed Maurice
 19454 | D:8      | Reached XP level 11. HP: 74/85 MP: 0/0
 19454 | D:8      | Learned a level 4 spell: Flame Wave
 19566 | D:8      | XOM: noise
 20081 | D:8      | XOM: noise
 20200 | D:8      | Found a staircase to the Lair.
 20218 | D:8      | XOM: summons 6 hostile demons
 20515 | D:8      | XOM: 2-stop teleportation journey
 20640 | D:8      | XOM: give mutations
 20640 | D:8      | Lost mutation: Your body sometimes deteriorates upon taking
                  | damage. [Xom's mischief]
 20640 | D:8      | Lost mutation: You are somewhat resistant to further
                  | mutation. [Xom's mischief]
 20640 | D:8      | Lost mutation: You passively dampen the noise of your
                  | surroundings. [Xom's mischief]
 20640 | D:8      | Gained mutation: You sometimes lose your temper in combat.
                  | [Xom's mischief]
 20707 | D:8      | Lost mutation: You have a pair of small horns on your head.
                  | [potion of mutation]
 20707 | D:8      | Lost mutation: You are robust. (+10% HP) [potion of
                  | mutation]
 20707 | D:8      | Gained mutation: You are resistant to electric shocks.
                  | (rElec) [potion of mutation]
 20707 | D:8      | Gained mutation: You have a somewhat thin skeletal
                  | structure. (Dex +2, Stealth+) [potion of mutation]
 20707 | D:8      | Gained mutation: You passively map a small area around you.
                  | [potion of mutation]
 20707 | D:8      | Gained mutation: You are agile. (Dex +4, Str/Int -1)
                  | [potion of mutation]
 20972 | D:9      | Noticed a two-headed ogre
 20994 | D:9      | Killed a two-headed ogre
 21041 | D:9      | Noticed Erica
 21045 | D:9      | Reached skill level 10 in Long Blades
 21049 | D:9      | Killed Erica
 21160 | D:9      | Found a runed translucent gate.
 21160 | D:9      | Found a runed translucent gate.
 21160 | D:9      | Noticed DeathSocks's ghost (novice VSGl)
 21161 | D:9      | Found a runed translucent gate.
 21179 | D:9      | XOM: scenery: 2 fountains blood, 3 doors open
 21180 | D:9      | XOM: summons friendly ufetubus
 21194 | D:9      | Killed DeathSocks's ghost
 21227 | D:9      | Paralysed by a kobold brigand for 3 turns
 21233 | D:9      | Paralysed by a kobold brigand for 4 turns
 21379 | D:9      | Found an opulent altar of Gozag.
 21441 | D:9      | Found Muvej's Distillery.
 21446 | D:9      | Bought a potion of heal wounds for 80 gold pieces
 21446 | D:9      | Bought a potion of resistance for 160 gold pieces
 21446 | D:9      | Bought a potion of might for 64 gold pieces
 21446 | D:9      | Bought a potion of might for 64 gold pieces
 21462 | D:9      | XOM: god gift: 44 gold pieces
 21690 | D:9      | Found a staircase to the Orcish Mines.
 21704 | D:9      | Reached XP level 12. HP: 85/85 MP: 0/0
 21766 | D:9      | XOM: summons 2 hostile demons
 21820 | D:9      | XOM: noise
 21852 | D:10     | Entered Level 10 of the Dungeon
 22082 | D:10     | Noticed a two-headed ogre
 22090 | D:10     | XOM: blink monster(s)
 22092 | D:10     | XOM: stat loss: -1 Dex (23/24)
 22097 | D:10     | Killed a two-headed ogre
 22192 | D:10     | Noticed a two-headed ogre
 22194 | D:10     | XOM: divination: magic mapping
 22202 | D:10     | Killed a two-headed ogre
 22203 | D:10     | Reached skill level 5 in Spellcasting
 22203 | D:10     | Reached skill level 5 in Conjurations
 22203 | D:10     | Reached skill level 5 in Hexes
 22203 | D:10     | Reached skill level 5 in Summonings
 22203 | D:10     | Reached skill level 5 in Necromancy
 22203 | D:10     | Reached skill level 5 in Translocations
 22203 | D:10     | Reached skill level 5 in Fire Magic
 22203 | D:10     | Reached skill level 5 in Ice Magic
 22203 | D:10     | Reached skill level 5 in Air Magic
 22203 | D:10     | Reached skill level 5 in Earth Magic
 22203 | D:10     | Reached skill level 5 in Alchemy
 22458 | D:10     | XOM: noise
 22535 | D:10     | Found an iron altar of Okawaru.
 22597 | D:10     | XOM: give mutation
 22597 | D:10     | Gained mutation: Your spells are a little easier to cast,
                  | but a little less powerful. [Xom's mischief]
 22645 | D:11     | Noticed a four-headed hydra
 22660 | D:11     | Killed a one-headed hydra
 22914 | D:11     | Reached skill level 10 in Shields
 23077 | D:11     | XOM: enchant monster (bad)
 23335 | D:11     | XOM: scenery: 1 doors close
 23346 | D:11     | XOM: summons friendly crimson imp
 23350 | D:11     | XOM: enchant monster (good)
 23361 | D:11     | XOM: confusion (+ monsters)
 23366 | D:11     | XOM: enchant monster (good)
 23427 | D:11     | XOM: summons 2 hostile shadow creatures
 23434 | D:11     | XOM: silly message
 23506 | D:11     | XOM: silly message
 23591 | D:11     | XOM: stat loss: -1 Int (20/21)
 23865 | D:8      | XOM: silly message
 23925 | D:2      | XOM: divination: detect items
 24053 | D:1      | XOM: silly message
 24163 | D:1      | XOM: silly message
 24288 | D:1      | XOM: silly message
 24393 | D:1      | XOM: divination: detect items
 24409 | D:1      | XOM: silly message
 24417 | D:1      | XOM: divination: detect creatures
 24423 | D:1      | XOM: silly message
 24679 | D:1      | XOM: silly message
 25450 | D:1      | XOM: god gift: 6 boomerangs
 26102 | D:1      | XOM: noise
 27006 | D:1      | XOM is BORED!
 27416 | D:1      | XOM: silly message
 28036 | D:1      | XOM: noise
 28220 | Lair:1   | Entered Level 1 of the Lair of Beasts
 28325 | Lair:1   | XOM: silly message
 28332 | Lair:1   | XOM: divination: detect items
 28410 | Lair:1   | Reached XP level 13. HP: 91/91 MP: 0/0
 28410 | Lair:1   | Learned a level 5 spell: Silence
 28455 | Lair:1   | Noticed Harold
 28489 | Lair:1   | Killed Harold
 28496 | Lair:1   | HP: 5/138 [killer bee (4)]
 28845 | D:8      | Acquired 749 gold pieces
 28896 | Lair:1   | XOM: noise
 28966 | Lair:1   | Identified the +7 sling of Wynioz {elec, rPois rF- Will++
                  | Dex+2}
 29005 | Lair:1   | XOM: polymorph killer bee -> ball python
 29490 | Lair:1   | XOM: silly message
 29747 | Lair:2   | XOM: cast spell 'Cause Fear'
 29756 | Lair:2   | XOM: enchant monster (good)
 29766 | Lair:2   | XOM: cast spell 'Cause Fear'
 29780 | Lair:1   | Reached skill level 5 in Evocations
 29785 | Lair:1   | XOM: noise
 29895 | Lair:2   | XOM: divine lightning
 29897 | Lair:2   | XOM: cast spell 'Summon Dragon'
 30000 | Lair:2   | Reached skill level 5 in Armour
 30125 | Lair:2   | Found a hole to the Spider Nest.
 30139 | Lair:2   | Reached XP level 14. HP: 99/99 MP: 0/0
 30225 | Lair:2   | XOM: fog
 30393 | Lair:2   | XOM: divination: magic mapping
 30423 | Lair:2   | XOM: 6-stop teleportation journey
 30826 | Lair:2   | XOM: silly message
 30834 | Lair:3   | Noticed Josephine
 30838 | Lair:3   | XOM: silly message
 30843 | Lair:3   | Killed Josephine
 30954 | Lair:3   | XOM: confusion
 30984 | Lair:3   | XOM: polymorph yak -> glowing shapeshifter
 31081 | Lair:3   | Found a dark tunnel.
 31087 | Volcano  | Entered a volcano
 31290 | Volcano  | XOM: god gift: 37 gold pieces
 31329 | Volcano  | XOM: confuse monster(s)
 31380 | Volcano  | XOM: give mutations
 31380 | Volcano  | Gained mutation: Your mind is acute. (Int +4, Str/Dex -1)
                  | [Xom's mischief]
 31380 | Volcano  | Lost mutation: Your mind is acute. (Int +4, Str/Dex -1)
                  | [Xom's mischief]
 32082 | Lair:3   | XOM: divination: detect items
 32120 | Lair:3   | Found a staircase to the Swamp.
 32244 | Lair:4   | XOM: divination: detect creatures
 32304 | Lair:4   | XOM: potion effect (attraction)
 32315 | Lair:4   | XOM: divination: detect creatures
 32379 | Lair:4   | XOM: divination: detect creatures
 32469 | Lair:4   | Found a staircase to the Slime Pits.
 32594 | Lair:4   | XOM: divination: detect items
 32597 | Lair:4   | XOM: divination: detect creatures
 32694 | Lair:4   | XOM: summons 4 hostile shadow creatures
 32767 | Lair:3   | XOM: give mutation
 32767 | Lair:3   | Lost mutation: You have a somewhat thin skeletal structure.
                  | (Dex +2, Stealth+) [Xom's mischief]
 33282 | Lair:3   | XOM: summons 3 hostile shadow creatures
 33363 | Lair:4   | Reached XP level 15. HP: 61/105 MP: 0/0
 33363 | Lair:4   | Learned a level 6 spell: Summon Cactus Giant
 33480 | Lair:4   | XOM: give mutations
 33480 | Lair:4   | Lost mutation: You expend health (3 HP) to strengthen your
                  | wands. [Xom's mischief]
 33480 | Lair:4   | Lost mutation: You are agile. (Dex +4, Str/Int -1) [Xom's
                  | mischief]
 33520 | Lair:4   | XOM: polymorph skyshark -> satyr
 33524 | Lair:4   | XOM: swap monsters
 33533 | Lair:4   | Lost mutation: You are resistant to electric shocks.
                  | (rElec) [potion of mutation]
 33533 | Lair:4   | Lost mutation: Your spells are a little easier to cast, but
                  | a little less powerful. [potion of mutation]
 33533 | Lair:4   | Lost mutation: You sometimes lose your temper in combat.
                  | [potion of mutation]
 33944 | Lair:4   | XOM: destruction
 34062 | Lair:4   | XOM: scenery: create altars
 34149 | Lair:4   | XOM: scenery: summon butterflies
 34211 | Lair:5   | Entered Level 5 of the Lair of Beasts
 34488 | Lair:5   | XOM: enchant monster (good)
 35048 | Lair:5   | XOM: confuse monster(s)
 35101 | Lair:5   | XOM: 5-stop teleportation journey
 35215 | Lair:5   | XOM: enchant monster (bad)
 35388 | Lair:5   | XOM: 3-stop teleportation journey
 35550 | Lair:4   | XOM: give mutation
 35588 | Lair:5   | XOM: cast spell 'Summon Small Mammal'
 35673 | Lair:5   | XOM: potion effect (berserk rage)
 35686 | Lair:5   | XOM: confuse monster(s)
 35702 | Lair:5   | XOM: summons friendly quasit
 35920 | Lair:4   | XOM: polymorph yak -> boggart
 36053 | Lair:5   | XOM: give mutations
 36053 | Lair:5   | Gained mutation: You are partially covered in iridescent
                  | scales. (AC +2) [Xom's grace]
 36053 | Lair:5   | Gained mutation: You are mostly covered in iridescent
                  | scales. (AC +4) [Xom's grace]
 36053 | Lair:5   | Gained mutation: You have a pair of small antennae on your
                  | head. [Xom's grace]
 36053 | Lair:5   | Gained mutation: You have supernaturally acute eyesight.
                  | (SInv) [Xom's grace]
 36116 | Lair:5   | Identified the +11 shortbow "Notheec" {freeze, +Blink rPois
                  | Will++ Dex+2}
 36627 | Orc:1    | XOM: noise
 36627 | Orc:1    | Entered Level 1 of the Orcish Mines
 36801 | Orc:1    | XOM: divination: magic mapping
 36838 | Orc:2    | Entered Level 2 of the Orcish Mines
 36840 | Orc:2    | Noticed an orc warlord
 36845 | Orc:2    | XOM: potion effect (invisibility)
 36858 | Orc:2    | XOM: destruction
 36863 | Orc:2    | XOM: confuse monster(s)
 36890 | Orc:2    | Killed an orc warlord
 36895 | Orc:1    | XOM: divination: detect items
 37087 | Orc:1    | XOM: give mutations
 37087 | Orc:1    | Gained mutation: You have hidden genetic potential. [Xom's
                  | grace]
 37087 | Orc:1    | Gained mutation: You have a somewhat thin skeletal
                  | structure. (Dex +2, Stealth+) [Xom's grace]
 37087 | Orc:1    | Gained mutation: Your muscles are strong. (Str +4, Int/Dex
                  | -1) [Xom's grace]
 37087 | Orc:1    | Gained mutation: You expend health (3 HP) to strengthen
                  | your wands. [Xom's grace]
 37414 | Orc:2    | XOM: cloud trail
 37486 | Orc:2    | XOM: divination: magic mapping
 37522 | Orc:2    | XOM: polymorph two-headed ogre -> troll
 37532 | Orc:1    | XOM: 3-stop teleportation journey
 37538 | Orc:1    | XOM: give mutations
 37538 | Orc:1    | Gained mutation: You are strong-willed. (Will+) [Xom's
                  | grace]
 37538 | Orc:1    | Gained mutation: Your mind is acute. (Int +4, Str/Dex -1)
                  | [Xom's grace]
 37538 | Orc:1    | Lost mutation: You have hidden genetic potential. [Xom's
                  | grace]
 37538 | Orc:1    | Gained mutation: You are somewhat resistant to further
                  | mutation. [Xom's grace]
 37538 | Orc:1    | Gained mutation: Your muscles are very strong. (Str +8,
                  | Int/Dex -2) [Xom's grace]
 37539 | Orc:1    | Noticed an orc warlord
 37556 | Orc:1    | XOM: fake destruction
 37602 | Orc:1    | XOM: cleaving
 37955 | Orc:1    | Reached XP level 16. HP: 112/112 MP: 0/0
 38088 | Orc:1    | XOM: enchant monster (bad)
 38282 | Orc:1    | Found a runed translucent gate.
 38283 | Orc:1    | Found a runed translucent gate.
 38283 | Orc:1    | Identified the +0 chain mail of Nenaiw {rElec}
 38284 | Orc:1    | Noticed Rachuaq's ghost (adept GnSk)
 38284 | Orc:1    | Found a runed translucent gate.
 38285 | Orc:1    | Found the +15 Maxwell's patent armour {-Cast -Tele rElec
                  | Will+ rCorr}
 38378 | Orc:1    | XOM: scenery: summon butterflies
 38625 | Orc:2    | Found a staircase to the Elven Halls.
 38743 | Orc:2    | Found Dounoaw's Antique Armour Boutique.
 38743 | Orc:2    | Found Xagrameg's Magic Scroll Emporium.
 38743 | Orc:2    | Found Nuihian's Antique Weapon Emporium.
 38743 | Orc:2    | Found Doluireu's Weapon Shop.
 38757 | Orc:2    | Bought a scroll of fear for 60 gold pieces
 38757 | Orc:2    | Bought a scroll of teleportation for 45 gold pieces
 38758 | Orc:2    | Bought a masterwork scale mail for 288 gold pieces
 38758 | Orc:2    | Identified the +3 scale mail "Vyloto" {rPois rF+ Str+5}
                  | (You bought it in a shop on level 2 of the Orcish Mines)
 38758 | Orc:2    | Bought an ancient ring mail for 288 gold pieces
 38758 | Orc:2    | Identified the +1 ring mail of the Wilderness {Int-3 Dex+2
                  | Slay+5 SInv} (You bought it in a shop on level 2 of the
                  | Orcish Mines)
 38802 | Orc:2    | XOM: divine lightning
 38866 | Orc:2    | XOM: cleaving
 39444 | D:12     | Reached skill level 10 in Fighting
 39468 | D:12     | XOM: 1-stop teleportation journey
 39469 | D:12     | XOM: god gift: thick ruby amulet {god gift}
 39491 | D:12     | XOM: scenery: 2 doors close
 39613 | D:12     | You are sucked into a shaft and drop 2 floors!
 39799 | D:13     | XOM: fog
 39843 | D:13     | XOM: cloud trail
 39860 | D:13     | XOM: summons friendly smoke demon
 40105 | D:12     | XOM: scenery: summon butterflies
 40266 | D:13     | Identified the +3 chain mail of Tunnaprowi {+Inv rF+}
 40424 | D:13     | XOM: polymorph centaur warrior -> shapeshifter
 40641 | D:13     | XOM: god gift: 3 silver javelins
 40699 | D:14     | Found a gate to the Vaults.
 40777 | D:14     | Identified the +6 mace of Dasyf {flame, Dex+3}
 40835 | D:14     | XOM: fog
 40837 | D:14     | XOM: scenery: 1 doors open
 40880 | D:14     | XOM: enchant monster (bad)
 41126 | D:14     | XOM: scenery: 1 doors close
 41132 | D:14     | XOM: swap monsters
 41301 | D:14     | XOM: divine lightning
 41455 | D:14     | XOM: polymorph wolf spider -> goliath frog
 41586 | D:14     | Reached XP level 17. HP: 109/120 MP: 0/0
 41586 | D:14     | Learned a level 6 spell: Plasma Beam
 41610 | D:14     | XOM: fog
 41636 | D:14     | XOM: cast spell 'Summon Small Mammal'
 41842 | D:14     | XOM: confuse monster(s)
 41844 | D:14     | XOM: summons friendly ufetubus
 41845 | D:14     | XOM: cast spell 'Leda's Liquefaction'
 41887 | D:14     | XOM: scenery: 1 doors close
 41891 | D:14     | XOM: repel stairs
 41895 | D:14     | XOM: summons 9 friendly demons
 42311 | D:14     | Reached skill level 10 in Dodging
 42457 | D:14     | XOM: potion effect (heal wounds)
 42504 | D:14     | XOM: noise
 42766 | D:14     | Acquired 832 gold pieces
 42788 | D:15     | Entered Level 15 of the Dungeon
 42803 | D:15     | XOM: summons 16 friendly demons
 42861 | Abyss:2  | Cast into level 2 of the Abyss (Xom)
 42892 | Abyss:2  | Found a corrupted altar of Lugonu.
 42931 | Abyss:2  | Noticed a tentacled starspawn
 42938 | Abyss:2  | Killed a tentacled starspawn
 42993 | Abyss:2  | XOM: chaos cloud
 43013 | Abyss:2  | Noticed a tentacled starspawn
 43020 | Abyss:2  | XOM: smoke on damage
 43024 | Abyss:2  | Killed a tentacled starspawn
 43035 | Abyss:2  | XOM: god gift: helmet {god gift}
 43298 | Abyss:2  | Noticed a tentacled starspawn
 43309 | Abyss:2  | Killed a tentacled starspawn
 43310 | Abyss:2  | Reached skill level 10 in Evocations
 43312 | Abyss:2  | Killed a tentacled starspawn
 43319 | Abyss:2  | HP: 3/120 [starcursed mass/accursed screaming (8)]
 43396 | Abyss:2  | Noticed a lich
 43411 | Abyss:2  | XOM: enchant monster (good)
 43411 | Abyss:2  | Killed from afar by a lich

Illustrated notes

Levels and vault maps discovered:
D:1:      amcnicky_arrival_gap_in_the_tavern_cellar, layout_rooms, st_stairs_12,
          minmay_lizard_pond
D:2:      layout_rooms, minmay_vboxes
D:3:      layout_loops_ring, nicolae_overflow_macrodata_refinement,
          roderic_roman_lattice, serial_bayou_pond_c
D:4:      layout_rooms, cheibrodos_sewer_entry_sluice, st_stairs_13,
          kennysheep_generic_room_14
D:5:      layout_loops_ring, xom_confusion_cloud,
          minmay_temple_entry_statues_fountains, nicolae_ossuary_entry_plus,
          minmay_tree_intersection, amcnicky_mini_corridor_feature
D:6:      layout_basic, makhleb_heckhound_becter, serial_shops,
          kennysheep_little_box, dk_rats_in_the_wall
D:7:      layout_cave_pools, enter_bailey_4, minmay_increasing_density
D:8:      layout_layer_cave, erik_lair_orcish_takeover, minivault_27,
          kennysheep_generic_room_11, uniq_grum, uniq_maurice
D:9:      layout_basic, mainiacjoe_overflow_alcove_4, erik_orc_1,
          gammafunk_ghost_nasty_kobolds, serial_shops, nicolae_shop_trees,
          uniq_erica
D:10:     layout_rooms, okawaru_altar_gauntlet_db, kiku_gazebo_pond_becter
D:11:     layout_irregular_city, bh_circular_ruins
D:12:     layout_roguey
D:13:     layout_irregular_city
D:14:     bobbens_index_wilting_gardens, layout_gridville,
          hellmonk_sif_muna_bookshelves
D:15:     grunt_enter_depths_hoard, layout_irregular_city,
          lemuel_coloured_pillars_altar, minmay_large_rounded_square,
          nicolae_wu_jian_immortal_techniques
Lair:1:   wad_woods_minihive, layout_cave_pods, serial_bayou_shore_b,
          uniq_harold
Lair:2:   layout_chaotic_city, spider_nest_entry_funnel_web,
          beast_lair_carwin_3, grunt_megastairs_4
Lair:3:   layout_misc_corridors, mainiacjoe_swamp_entry_angry_trees,
          nicolae_volcano_entry_lava_flow, st_stairs_12, lemuel_fruit_fields,
          uniq_josephine
Lair:4:   layout_small_grid, slime_entry_1, lookout_lair_type,
          cheibrodos_lair_lostbears, grunt_megastairs_2
Lair:5:   gammafunk_lair_ancient_temple, layout_misc_corridors, minivault_11
Orc:1:    layout_caves, biasface_ghost_orc_armoury, einodemon_barbed_minivault
Orc:2:    st_orc_ogre_mass, layout_diamond_mine, blackcustard_mines_bat_river
Abyss:2:  base: Temple, patterned_corridor

Skill      XL: |  1  2  3  4  5  6  7  8  9 10 11 12 13 14 15 16 17 |
---------------+----------------------------------------------------+-----
Long Blades    | 3 4 5 7 8 9 10 11 12 13 14 | 14.3
Armour         | 2 3 4 5 6 8 9 |  9.7
Spellcasting   | 1 2 3 4 5 6 7 8 |  8.4
Conjurations   | 1 2 3 4 5 6 7 8 |  8.4
Hexes          | 1 2 3 4 5 6 7 8 |  8.4
Summonings     | 1 2 3 4 5 6 7 8 |  8.4
Necromancy     | 1 2 3 4 5 6 7 8 |  8.4
Translocations | 1 2 3 4 5 6 7 8 |  8.4
Fire Magic     | 1 2 3 4 5 6 7 8 |  8.4
Ice Magic      | 1 2 3 4 5 6 7 8 |  8.4
Air Magic      | 1 2 3 4 5 6 7 8 |  8.4
Earth Magic    | 1 2 3 4 5 6 7 8 |  8.4
Alchemy        | 1 2 3 4 5 6 7 8 |  8.4
Dodging        | 3 4 5 6 7 8 9 10 | 10.1
Fighting       | 4 5 6 7 8 9 10 | 10.8
Shields        | 3 4 6 9 10 12 13 14 | 14.7
Evocations     | 1 4 5 7 8 9 10 | 10.0

Action                     |  1- 3 |  4- 6 |  7- 9 | 10-12 | 13-15 | 16-18 || total
---------------------------+-------+-------+-------+-------+-------+-------++-------
  Melee: Falchion          |    59 |       |       |       |       |       ||    59
         Demon blade       |    37 |   108 |   326 |   666 |  1139 |   752 ||  3028
         Headbutt          |       |    11 |    50 |    72 |       |       ||   133
         Punch             |       |     2 |       |       |       |       ||     2
         Bite              |       |       |    19 |       |       |       ||    19
         Long sword        |       |       |    23 |       |       |       ||    23
         Scimitar          |       |       |       |     4 |    11 |       ||    15
   Cast: Call Imp          |       |       |     1 |     5 |     2 |     1 ||     9
         Jinxbite          |       |       |       |     5 |     1 |     1 ||     7
         Sigil of Binding  |       |       |       |       |       |     1 ||     1
  Evoke: Wand              |       |       |       |     9 |       |     1 ||    10
         Condenser vane    |       |       |       |       |     1 |       ||     1
    Use: Scroll            |     3 |     3 |     6 |     8 |     8 |     9 ||    37
         Potion            |       |     1 |       |     3 |     7 |     4 ||    15
   Stab: Petrifying        |     2 |       |       |     1 |     1 |     3 ||     7
         Paralysed         |       |       |     1 |     1 |     4 |     3 ||     9
         Confused          |       |       |     6 |     4 |    11 |    10 ||    31
         Petrified         |       |       |       |     2 |     4 |       ||     6
         Sleeping          |       |       |       |     3 |     6 |     3 ||    12
         Distracted        |       |       |       |     3 |     4 |     5 ||    12
         Invisible         |       |       |       |       |     7 |       ||     7
 Armour: Leather armour    |    72 |    65 |   154 |   316 |   208 |       ||   815
         Skin              |       |       |       |       |    76 |       ||    76
         Steam dragon scal |       |       |       |       |   129 |    23 ||   152
         Ring mail         |       |       |       |       |       |   153 ||   153
  Dodge: Dodged            |    63 |    65 |   142 |   306 |   348 |   170 ||  1094
  Block: Kite shield       |       |       |   104 |   697 |  1222 |   580 ||  2603
         Reflection        |       |       |       |    11 |    34 |    18 ||    63
